 Dungeon Crawl Stone Soup version 0.23-a0-100-g33897af (webtiles) character file.

19 tatocazan the Shooter (level 2, 0/24 HPs)
             Began as a Centaur Hunter on Aug 18, 2018.
             Slain by a leopard gecko (4 damage)
             ... on level 1 of the Dungeon.
             The game lasted 00:01:02 (160 turns).

tatocazan the Shooter (Centaur Hunter)               Turns: 160, Time: 00:01:03

Health: 0/24       AC:  4    Str: 14    XL:     2   Next: 55%
Magic:  2/2        EV:  9    Int: 10    God:
Gold:   17         SH:  0    Dex:  9    Spells: 1/1 levels left

rFire    . . .     SeeInvis .   a - +1 shortbow
rCold    . . .     Gourm    .   (shield currently unavailable)
rNeg     . . .     Faith    .   c - +0 leather armour
rPois    .         Spirit   .   (no helmet)
rElec    .         Reflect  .   (no cloak)
rCorr    .         Harm     .   (no gloves)
MR       .....                  (no barding)
Stlth    +.........             (no amulet)
HPRegen  0.08/turn              (no ring)
MPRegen  0.08/turn              (no ring)

@: very quick
A: large, hooves 3, deformed body, speed 2, tough skin 3
a: no special abilities


You were on level 1 of the Dungeon.
You were not hungry.

You visited 1 branch of the dungeon, and saw 1 of its levels.

You collected 17 gold pieces.

Inventory:

Hand Weapons
 a - a +1 shortbow (weapon)
 b - a +0 short sword
Armour
 c - a +0 leather armour (worn)
Scrolls
 e - a scroll of teleportation {unknown}
 h - a scroll of fear {unknown}
Comestibles
 f - a ration
 g - 7 chunks of flesh


   Skills:
 - Level 2.0 Fighting
 - Level 5.3 Bows
 - Level 1.3 Dodging
 - Level 0.4 Stealth
 + Level 2.3 Unarmed Combat


You had one spell level left.
You didn't know any spells.
Your spell library was empty.

Dungeon Overview and Level Annotations

Branches:
Dungeon (1/15)

Altars:


Innate Abilities, Weirdness & Mutations

You have hooves in place of feet.
Armour fits poorly on your strangely shaped body.
You cover ground very quickly.
You have extremely tough skin. (AC +3)


Message History

The rat bites you but does no damage.
Found 5 gold pieces.
The leopard gecko misses you.
Found 3 gold pieces.
You see here an arrow.
Found a stone staircase leading down.
The leopard gecko bites you but does no damage.
You see here an arrow.
You see here 2 arrows.
You are too injured to fight recklessly!
The leopard gecko bites you but does no damage.
You see here 2 arrows.
You clumsily bash the leopard gecko but do no damage.
The leopard gecko hisses menacingly.
The leopard gecko bites you. The goblin hits you. The leopard gecko bites you.
* * * LOW HITPOINT WARNING * * *
The rat bites you.
* * * LOW HITPOINT WARNING * * *
The leopard gecko bites you.
You die...

#..###..#######
##.#.#.#.#.#.#$#$
#................
##.#.#.#(#.#.#.#
#..).(.......$..
##.#.#.#.#.#.#.#
#....(...(......
##.#.#(#r#(#.#.#.
#.......l@.......
##$#.#r#g#.#.#.#.
...............
#.#.#.#.#.#.#>#
#######...(....
#########


You could see a leopard gecko, a goblin and 2 rats.

Vanquished Creatures
  A dart slug (D:1)
  A leopard gecko (D:1)
  A bat (D:1)
  2 goblins (D:1)
  A hobgoblin (D:1)
  4 jackals (D:1)
  A ball python (D:1)
  A frilled lizard (D:1)
  3 rats (D:1)
15 creatures vanquished.

Notes
Turn   | Place    | Note
-------+----------+-------------------------------------------
     0 | D:1      | tatocazan the Centaur Hunter began the quest for the Orb.
     0 | D:1      | Reached XP level 1. HP: 17/17 MP: 1/1
     9 | D:1      | Noticed a redback
     9 | D:1      | Noticed a swamp worm
     9 | D:1      | Noticed a black bear
     9 | D:1      | Noticed a swamp drake
     9 | D:1      | Noticed a crocodile
    21 | D:1      | Reached skill level 1 in Unarmed Combat
    63 | D:1      | Reached XP level 2. HP: 23/24 MP: 2/2
   160 | D:1      | Slain by a leopard gecko

Vault maps used:
D:1:      onia_arrival_zoo_common, st_stairs_11

Skill      XL: |  1  2 |
---------------+-------+-----
Unarmed Combat | 1 2 |  2.3
Fighting       | |  2.0
Bows           | |  5.3
Dodging        | |  1.3
Stealth        | |  0.4

Action                   || total
-------------------------++-------
Melee: Shortbow          ||     6
       Kick              ||     1
 Fire: Shortbow          ||    44
Armor: Leather armour    ||    13
Dodge: Dodged            ||    13

Table legend:
 A = Non-vault XP
 B = Vault XP
 C = Vault XP percentage of total XP
 D = Non-vault monster count
 E = Vault monster count
 F = Vault count percentage of total count
                 A         B        C        D         E       F
            +---------+---------+-------+---------+---------+-------
      Total |      23 |       5 |  17.9 |      12 |       3 |  20.0
            +---------+---------+-------+---------+---------+-------
        D:1 |      23 |       5 |  17.9 |      12 |       3 |  20.0
            +---------+---------+-------+---------+---------+-------
